 Dungeon Crawl Stone Soup version 0.23-a0-183-gf37f6fb (webtiles) character file.

3867 Gildeon the Covert (level 9, -12/47 HPs)
             Began as a Spriggan Assassin on Sept 23, 2018.
             Was a Follower of Dithmenos.
             Killed by the air
             ... invoked by Gastronok
              (21 damage)
             ... on level 9 of the Dungeon.
             The game lasted 00:41:32 (8055 turns).

Gildeon the Covert (Spriggan Assassin)              Turns: 8055, Time: 00:41:33

Health: -12/47     AC:  7    Str:  9    XL:     9   Next: 99%
Magic:  16/16      EV: 27    Int: 13    God:    Dithmenos [*.....]
Gold:   392        SH:  0    Dex: 23    Spells: 15/16 levels left

rFire    + . .     SeeInvis +   a - +2 dagger (freeze)
rCold    x . .     Gourm    .   (shield restricted)
rNeg     . . .     Faith    .   c - +0 robe
rPois    .         Spirit   .   m - +2 hat
rElec    .         Reflect  .   e - +2 cloak {MR+}
rCorr    .         Harm     .   (gloves unavailable)
MR       ++...                  (boots unavailable)
Stlth    ++++++++..             (no amulet)
HPRegen  0.15/turn              z - ring of fire
MPRegen  0.15/turn              t - ring of stealth

@: agile, wreathed by umbra, very quick
A: very small, unfitting armour, see invisible, herbivore, speed 3, slow
metabolism 2
a: Renounce Religion


You were on level 9 of the Dungeon.
You worshipped Dithmenos.
Dithmenos was aware of your devotion.
You were not hungry.

You visited 2 branches of the dungeon, and saw 10 of its levels.

You collected 392 gold pieces.

Inventory:

Hand Weapons
 a - a +2 dagger of freezing (weapon)
 b - a +0 blowgun
Missiles
 f - a curare-tipped needle
 n - 15 poisoned needles
Armour
 c - a +0 robe (worn)
 e - a +2 cloak of magic resistance (worn)
 m - a +2 hat (worn)
Jewellery
 t - a ring of stealth (right hand)
 x - an uncursed ring of wizardry
 y - an uncursed ring of protection from cold
 z - a ring of fire (left hand)
 B - a +3 ring of protection {unknown}
Wands
 h - a wand of random effects (42)
 q - a wand of acid (9)
 A - a wand of flame (21)
Scrolls
 o - 3 scrolls of teleportation
 s - a scroll of amnesia
 w - a scroll of enchant armour
 C - a scroll of summoning {unknown}
Potions
 d - a potion of mutation {unknown}
 i - a potion of might {unknown}
 j - a potion of berserk rage {unknown}
 k - a potion of haste {unknown}
 l - 3 potions of brilliance
 p - a potion of lignification {unknown}
 r - a potion of flight {unknown}
 u - 2 potions of agility
 v - 3 potions of cancellation {unknown}
Comestibles
 g - 5 rations


   Skills:
 - Level 5.0 Fighting
 + Level 7.4 Short Blades
 + Level 6.8 Throwing
 + Level 0.0 Armour
 - Level 5.1 Dodging
 + Level 11.4 Stealth
 - Level 4.4 Spellcasting
 + Level 3.3 Hexes
 - Level 2.1 Invocations
 - Level 2.0 Evocations


You had 15 spell levels left.
You knew the following spells:

 Your Spells              Type           Power        Failure   Level  Hunger
a - Corona                Hex            ##.....      4%          1    None

Your spell library contained the following spells:

 Spells                   Type           Power        Failure   Level  Hunger
 Confuse                  Hex            ##......     14%         3    ###....
 Tukima's Dance           Hex            ##......     14%         3    ###....
 Ensorcelled Hibernation  Hex/Ice        #.....       16%         2    ##.....
 Dazzling Spray           Conj/Hex       #.....       30%         3    ###....


Dungeon Overview and Level Annotations

Branches:
Dungeon (9/15)             Temple (1/1) D:5
   Lair: D:8-11         Orc: D:9-12

Altars:
Ashenzari
Cheibriados
Dithmenos
Elyvilon
Fedhas
Gozag
Hepliaklqana
Kikubaaqudgha
Makhleb
Nemelex Xobeh
Okawaru
Qazlal
Ru
Sif Muna
Trog
Vehumet
Wu Jian
Xom
Yredelemnul
Zin
The Shining One

Shops:
D:9 }

Annotations:
D:2 Jessica
D:3 Sigmund
D:4 2 runed doors, Nib's ghost, novice FoFi
D:6 1 runed door, Dowan; Duvessa
D:8 exclusion: oklob plant
D:9 Gastronok


Innate Abilities, Weirdness & Mutations

You are very small and have problems with some larger weapons.
You are too small for most types of armour.
You have supernaturally acute eyesight. (SInv)
You are a herbivore.
You cover ground extremely quickly.
You need to consume almost no food.


Message History

You hit Gastronok. You freeze Gastronok.
Gastronok is heavily wounded.
Gastronok casts a spell.
Gastronok puts on a burst of speed!
You hit Gastronok but do no damage.
Gastronok is heavily wounded.
You hit Gastronok but do no damage.
Gastronok is heavily wounded.
You hit Gastronok. You freeze Gastronok.
Gastronok is heavily wounded.
Gastronok misses you.
You hit Gastronok. You freeze Gastronok.
Gastronok is heavily wounded.
You hit Gastronok. You freeze Gastronok.
Gastronok is heavily wounded.
You hit Gastronok. You freeze Gastronok.
Gastronok is heavily wounded.
Gastronok waves his eye-stalks in wide circles.
The air twists around and strikes you!
You die...

##.##..# ##.##..## #.##..##.
##...##.. ##.##h.#
##########.##.. ####
#...........##.
###..###..........#.## #####
#.((w@............##.#
#...####(######.........(###.
#...((.(.# #............##
#...###### #..........#...
#........# #..........####
#.w......# #..........# #
#........# #..........#
#..(.....## ############
#....†....# ####


You could see Gastronok.

Vanquished Creatures
  Harold (D:9)
  A two-headed ogre (D:8)
  Maurice (D:8)
  A gargoyle (D:7)
  A wyvern (D:9)
  A hungry ghost (D:9)
  A water moccasin (D:9)
  2 sky beasts
  A black bear (D:7)
  4 ogres
  A centaur (D:9)
  2 bullfrogs (D:9)
  A scorpion (D:9)
  5 hounds
  An orc priest (D:6)
  A jelly (D:5)
  An orc wizard (D:6)
  2 bullfrog skeletons
  4 worker ants
  A worker ant zombie (D:7)
  3 gnolls (D:7)
  8 adders
  A shadow imp (D:6)
  2 oozes (D:1)
  2 worms
  7 dart slugs
  4 leopard geckos
  10 orcs
  6 giant cockroaches
  4 goblins
  5 hobgoblins
  A quokka (D:4)
  2 ball pythons (D:4)
  6 bats
  2 frilled lizards (D:1)
  11 kobolds
  2 rats
109 creatures vanquished.

Notes
Turn   | Place    | Note
-------+----------+-------------------------------------------
     0 | D:1      | Gildeon the Spriggan Assassin began the quest for the Orb.
     0 | D:1      | Reached XP level 1. HP: 10/10 MP: 2/2
   282 | D:1      | Reached skill level 6 in Stealth
   282 | D:1      | Reached XP level 2. HP: 15/15 MP: 3/3
   621 | D:1      | Reached XP level 3. HP: 18/18 MP: 4/4
  1615 | D:2      | Reached XP level 4. HP: 7/23 MP: 5/5
  2170 | D:2      | Noticed Jessica
  2468 | D:3      | Noticed Sigmund
  2630 | D:4      | Noticed a phantom
  2633 | D:4      | Reached XP level 5. HP: 27/27 MP: 6/6
  2970 | D:4      | Found a runed door.
  2970 | D:4      | Noticed Nib's ghost (novice FoFi)
  2997 | D:4      | Found a runed door.
  3102 | D:5      | Entered Level 5 of the Dungeon
  3183 | D:5      | Noticed an ogre
  3285 | D:5      | Found a staircase to the Ecumenical Temple.
  3296 | Temple   | Entered the Ecumenical Temple
  3422 | Temple   | Became a worshipper of Dithmenos the Shadowed
  3581 | D:5      | Killed an ogre
  3581 | D:5      | Reached skill level 7 in Stealth
  3582 | D:5      | Reached XP level 6. HP: 14/32 MP: 7/7
  3820 | D:5      | Noticed a sky beast
  3826 | D:5      | Killed a sky beast
  4199 | D:5      | Found a snail-covered altar of Cheibriados.
  4640 | D:6      | Reached XP level 7. HP: 36/36 MP: 8/8
  4688 | D:6      | Found a runed door.
  4734 | D:6      | Reached skill level 5 in Dodging
  4734 | D:6      | Reached skill level 8 in Stealth
  5357 | D:6      | Noticed Duvessa
  5357 | D:6      | Noticed Dowan
  5659 | D:7      | Learned a level 1 spell: Corona
  5875 | D:7      | Reached skill level 5 in Short Blades
  6020 | D:7      | Reached XP level 8. HP: 42/42 MP: 8/10
  6112 | D:7      | Noticed a gargoyle
  6115 | D:7      | Killed a gargoyle
  6115 | D:7      | Reached skill level 5 in Throwing
  6115 | D:7      | Reached skill level 9 in Stealth
  6120 | D:7      | Noticed a gargoyle
  6200 | D:8      | Noticed a two-headed ogre
  6207 | D:8      | Killed a two-headed ogre
  6207 | D:8      | Reached skill level 10 in Stealth
  6207 | D:8      | Reached XP level 9. HP: 45/46 MP: 12/15
  6280 | D:8      | Noticed Maurice
  6331 | D:8      | Reached * piety under Dithmenos
  6342 | D:8      | Found a snail-covered altar of Cheibriados.
  6343 | D:8      | Noticed an oklob plant
  6416 | D:8      | HP: 1/46 [Maurice/dagger (10)]
  6419 | D:8      | Killed Maurice
  6843 | D:7      | Found an iron altar of Okawaru.
  6843 | D:7      | Found a basalt altar of Yredelemnul.
  6848 | D:7      | Found a shimmering altar of Xom.
  6851 | D:7      | Found a faded altar of an unknown god.
  6853 | D:7      | Found a shattered altar of Ashenzari.
  6905 | D:7      | Noticed a gargoyle
  6963 | D:8      | Noticed a two-headed ogre
  7189 | D:9      | Reached skill level 5 in Fighting
  7316 | D:9      | Noticed a cyclops
  7445 | D:9      | Reached skill level 1 in Hexes
  7445 | D:9      | Reached skill level 1 in Evocations
  7516 | D:9      | Noticed Harold
  7523 | D:9      | Killed Harold
  7523 | D:9      | Reached skill level 11 in Stealth
  7549 | D:9      | Noticed Gastronok
  7954 | D:9      | Found Asaykuan's Gadget Boutique.
  8055 | D:9      | Killed from afar by Gastronok

Vault maps used:
D:1:      lightli_arrival_quake, minmay_stone_trees_small, minivault_19,
          minmay_bisected
D:2:      minmay_roachtagon, uniq_jessica
D:3:      gammafunk_steamed_eel, chequers_ecumenical_altar_island, serial_glass,
          glass_columns_b, glass_columns_a, hangedman_ru_absence, uniq_sigmund
D:4:      first_ration, ebering_ghost_sewer_f, kennysheep_generic_room_9
D:5:      slow_altar_1, minmay_temple_entry_nine_rooms, serial_bayou_lagoon_a
D:6:      fountainhead, grunt_tough_drop, uniq_duvessa, uniq_crazy_yiuf_cottage
D:7:      cheibrodos_statue_roulette, chequers_temple_overflow_minitemple
D:8:      lemuel_coloured_pillars_altar, enter_ossuary_3, grunt_livestock,
          lemuel_oklob_altar, uniq_maurice
D:9:      serial_shops, shop, minmay_diamond_spiral, uniq_gastronok, uniq_harold
Temple:   nicolae_temple_elliptical

Skill      XL: |  1  2  3  4  5  6  7  8  9 |
---------------+----------------------------+-----
Stealth        | 6 7 8 10 11 | 11.4
Dodging        | 2 3 4 5 |  5.1
Fighting       | 2 3 4 5 |  5.0
Short Blades   | 3 4 5 6 7 |  7.4
Throwing       | 3 4 5 6 |  6.8
Spellcasting   | 3 4 |  4.4
Hexes          | 3 |  3.3
Evocations     | 2 |  2.0
Invocations    | 2 |  2.1

Action                   |  1- 3 |  4- 6 |  7- 9 || total
-------------------------+-------+-------+-------++-------
Melee: Dagger            |   147 |   127 |   335 ||   609
 Fire: Blowgun           |     1 |    16 |    36 ||    53
 Cast: Corona            |       |       |     3 ||     3
Evoke: Wand              |       |       |     6 ||     6
  Use: Scroll            |     2 |     8 |     8 ||    18
       Potion            |       |     1 |    11 ||    12
 Stab: Sleeping          |    10 |    14 |    14 ||    38
       Distracted        |       |       |     1 ||     1
  Eat: Ration            |       |     1 |     2 ||     3
Armor: Robe              |    19 |    12 |    44 ||    75
Dodge: Dodged            |    89 |    71 |   284 ||   444

Table legend:
 A = Non-vault XP
 B = Vault XP
 C = Vault XP percentage of total XP
 D = Non-vault monster count
 E = Vault monster count
 F = Vault count percentage of total count
                 A         B        C        D         E       F
            +---------+---------+-------+---------+---------+-------
      Total |    3524 |    2001 |  36.2 |      99 |      10 |   9.2
            +---------+---------+-------+---------+---------+-------
        D:1 |      58 |       7 |  10.8 |      23 |       3 |  11.5
        D:2 |      50 |       2 |   3.8 |      18 |       1 |   5.3
        D:3 |      14 |       0 |   0.0 |       5 |       0 |   0.0
        D:4 |     108 |       2 |   1.8 |       7 |       1 |  12.5
        D:5 |     413 |       5 |   1.2 |       9 |       1 |  10.0
        D:6 |     374 |       0 |   0.0 |      10 |       0 |   0.0
        D:7 |     441 |     451 |  50.6 |      11 |       1 |   8.3
        D:8 |     988 |     496 |  33.4 |       5 |       1 |  16.7
        D:9 |    1078 |    1038 |  49.1 |      11 |       2 |  15.4
            +---------+---------+-------+---------+---------+-------
